 Dungeon Crawl Stone Soup version 0.22.0-75-g3901e79 (webtiles) character file.

45 senseless the Skirmisher (level 3, -2/29 HPs)
             Began as a Demonspawn Berserker on Sept 11, 2018.
             Was a Believer of Trog.
             Slain by a gnoll
             ... wielding a +0 flail
              (3 damage)
             ... on level 2 of the Dungeon.
             The game lasted 00:06:36 (938 turns).

senseless the Skirmisher (Demonspawn Berserker)      Turns: 938, Time: 00:06:37

Health: -2/29      AC:  8    Str: 17    XL:     3   Next: 42%
Magic:  3/3        EV: 11    Int:  9    God:    Trog [**....]
Gold:   32         SH:  0    Dex: 12    Spells: 2/2 levels left

rFire    . . .     SeeInvis .   a - +1 hand axe
rCold    . . .     Gourm    .   (no shield)
rNeg     . . .     Faith    .   l - +0 ring mail
rPois    .         Spirit   .   (no helmet)
rElec    .         Reflect  .   g - +0 cloak
rCorr    .         Harm     .   (no gloves)
MR       .....                  (no boots)
Stlth    ++........             (no amulet)
HPRegen  0.09/turn              (no ring)
MPRegen  0.08/turn              (no ring)

@: no status effects
A: icy blue scales 1, nightstalker 1
a: Berserk, Trog's Hand, Renounce Religion


You were on level 2 of the Dungeon.
You worshipped Trog.
Trog was pleased with you.
You were not hungry.

You visited 1 branch of the dungeon, and saw 2 of its levels.

You collected 32 gold pieces.

Inventory:

Hand Weapons
 a - a +1 hand axe (weapon)
Armour
 b - a +0 animal skin
 g - a +0 cloak (worn)
 l - a +0 ring mail (worn)
Scrolls
 e - 2 scrolls of teleportation
Potions
 i - a potion of agility
 j - a potion of haste {unknown}
Comestibles
 c - a ration


   Skills:
 + Level 3.5 Fighting
 + Level 3.4 Axes
 + Level 1.8 Armour
 + Level 2.1 Dodging


You had 2 spell levels left.
You didn't know any spells.
Your spell library was empty.

Dungeon Overview and Level Annotations

Branches:
Dungeon (2/15)

Altars:


Innate Abilities, Weirdness & Mutations

You are partially covered in icy blue scales. (AC +2)
You are slightly more attuned to the shadows.


Message History

You closely miss the gnoll. The gnoll hits you with a halberd!
The gnoll hits you but does no damage. The gnoll misses you.
The gnoll hits you with a flail.
You hit the gnoll.
The gnoll is heavily wounded.
You hit the gnoll. You closely miss the gnoll.
You hit the gnoll but do no damage. The gnoll closely misses you.
The gnoll completely misses you. The gnoll hits you but does no damage.
The gnoll barely misses you.
You closely miss the gnoll.
The gnoll is heavily wounded.
You hit the gnoll but do no damage. x2; You hit the gnoll.
The gnoll hits you with a halberd!
* * * LOW HITPOINT WARNING * * *
The gnoll closely misses you. x2; The gnoll misses you.
You hit the gnoll but do no damage.
The gnoll is heavily wounded.
You hit the gnoll. x2; You closely miss the gnoll.
The gnoll closely misses The gnoll hits you with a flail.
You die...

.........##.##.#
...............####
..................#
#...#....#####.####
............##.#
....#.#..##.##.#
#>#.#.....####
##......##.#
#...g@.## #
?.$..ggg#
.##.......
#.........
#........###
...........
##.........#


You could see 4 gnolls.

Vanquished Creatures
  An adder (D:2)
  2 dart slugs (D:1)
  2 leopard geckos (D:1)
  6 bats
  2 giant cockroaches (D:1)
  4 goblins (D:1)
  A hobgoblin (D:1)
  6 kobolds (D:1)
  A frilled lizard (D:1)
  5 rats
30 creatures vanquished.

Notes
Turn   | Place    | Note
-------+----------+-------------------------------------------
     0 | D:1      | senseless the Demonspawn Berserker began the quest for the
                  | Orb.
     0 | D:1      | Reached XP level 1. HP: 18/18 MP: 1/1
   281 | D:1      | Gained mutation: You are partially covered in icy blue
                  | scales. (AC +2) [demonic ancestry]
   281 | D:1      | Reached XP level 2. HP: 24/24 MP: 2/2
   496 | D:1      | Reached ** piety under Trog
   497 | D:1      | Gained mutation: You are slightly more attuned to the
                  | shadows. [demonic ancestry]
   497 | D:1      | Reached XP level 3. HP: 10/29 MP: 3/3
   937 | D:2      | HP: 1/29 [gnoll/halberd (12)]
   938 | D:2      | Slain by a gnoll

Skill      XL: |  1  2 |
---------------+-------+-----
Axes           | 3 |  3.4
Dodging        | 2 |  2.1
Fighting       | |  3.5
Armour         | |  1.8

Action                   || total
-------------------------++-------
Melee: Hand axe          ||   102
  Use: Scroll            ||     4
 Stab: Sleeping          ||     1
Armor: Animal skin       ||    19
       Ring mail         ||    23
Dodge: Dodged            ||    82
